Cogmind - Beta 15 @@@ ROGUE MODE // 2025.10.15 @ 17:13:54 Player: beans Result: Destroyed by L9-CCW(R) with Subdweller Beam Cannon Performance ------------- Evolutions (0) 0 Regions Visited (2) 400 Robots Destroyed (1) 5 Value Destroyed (40) 40 Prototype IDs (0) 0 Alien Tech Used (0) 0 Bonus (0) 0 TOTAL SCORE: 445 Bonus ------- None Cogmind --------- Core Integrity 0/250 Matter 220/300 Energy 96/100 System Corruption 0% Temperature Cool (9) Movement Core (200) Ox3 Location -10/Subcaves Parts ------- > --- POWER (1) -------- (None) > --- PROPULSION (2) --- (None) > --- UTILITY (2) ------ Subdweller Optics > --- WEAPON (2) ------- Subdweller Shrapnel Launcher > --- INVENTORY (5) ---- (None) Peak State ------------ > --- POWER ------------ Ion Engine > --- PROPULSION ------- Aluminum Leg Aluminum Leg > --- UTILITY ---------- (None) > --- WEAPON ----------- Light Assault Rifle > --- INVENTORY -------- (None) [Rating: 4] Favorites ----------- Power Ion Engine Engine Ion Engine Propulsion Aluminum Leg Leg Aluminum Leg Utility Subdweller Optics Device Subdweller Optics Weapon Light Assault Rifle Ballistic Gun Light Assault Rifle Launcher Subdweller Shrapnel Launcher Build | -11 -10 -10 ------- Run | Yrd Mat Sub Slots Evolved . | . . . Power . | . . . Propulsion . | . . . Utility . | . . . Weapon . | . . . Parts Attached 6 | 4 . 2 Power 1 | 1 . . Engine 1 | 1 . . Core . | . . . Reactor . | . . . Propulsion 2 | 2 . . Treads . | . . . Leg 2 | 2 . . Wheel . | . . . Hover . | . . . Flight . | . . . Utility 1 | . . 1 Device 1 | . . 1 Storage . | . . . Processor . | . . . Hackware . | . . . Protection . | . . . Artifact . | . . . Weapon 2 | 1 . 1 Energy Gun . | . . . Energy Cannon . | . . . Ballistic Gun 1 | 1 . . Ballistic Cannon . | . . . Launcher 1 | . . 1 Special Weapon . | . . . Impact Weapon . | . . . Slashing Weapon . | . . . Piercing Weapon . | . . . Special Melee Weapon . | . . . Unidentified Prototypes . | . . . Parts Lost 2 | . . 2 Power 1 | . . 1 Propulsion . | . . . Utility . | . . . Weapon 1 | . . 1 Highest Loss Streak 2 | . . 2 To Critical Strikes . | . . . Average Backups . | . . . Power . | . . . Propulsion . | . . . Utility . | . . . Weapon . | . . . Tool/Special . | . . . Unused Backups . | . . . Power . | . . . Propulsion . | . . . Utility . | . . . Weapon . | . . . Tool/Special . | . . . Average Slot Usage (%) 50 | . 57 44 Engine 11 | . 14 10 Leg 24 | . 28 22 Ballistic Gun 12 | . 14 10 Peak Build Rating 4 | 4 4 4 Average Rating 3 | 2 4 3 On Entrance 2 | . 4 4 Naked Turns 50 | . . 50 Heaviest Build 6 | 6 6 6 Greatest Support 20 | 20 20 20 Greatest Overweight (x) . | . . . Average Overweight (x) . | . . . Largest Inventory Capacity 5 | 5 5 5 Average Capacity 5 | 5 5 5 Most Carried 2 | 2 . 1 Average Carried . | . . . Final Capacity 5 | 5 5 5 Final Carried . | . . . Class Distribution -------------------- 100% | Mutant Dominant Class ---------------- Mutant | -10/Materials Mutant | -10/Subcaves Resources | -11 -10 -10 ----------- Run | Yrd Mat Sub Matter Collected 240 | 203 . 37 Remotely . | . . . Salvage Created 39 | . . 39 Parts 1 | . . 1 Haulers Intercepted . | . . . Recyclers Shooed . | . . . Parts Field Recycled . | . . . Retrieved Matter . | . . . Parts Self-Destructed 4 | . . 4 Prevented . | . . . Kills | -11 -10 -10 ------- Run | Yrd Mat Sub Combat Hostiles Destroyed 1 | . . 1 AOE 1 | . . 1 Classes Destroyed 1 | . . 1 Subdweller 1 | . . 1 Best Kill Streak 1 | . . 1 Combat Bots Only 1 | . . 1 Max Kills in Single Turn 1 | . . 1 Gunslinging . | . . . Exploded 1 | . . 1 Melee . | . . . Uniques/NPCs Destroyed . | . . . Combat | -11 -10 -10 -------- Run | Yrd Mat Sub Hostile Shots Fired 28 | . . 28 Missed 10 | . . 10 Hits 18 | . . 18 Projectile 18 | . . 18 Critical Strikes 2 | . . 2 Damage Taken 522 | . . 522 Core 259 | . . 259 Absorbed by Shields . | . . . Core Remaining (%) 100 | 100 . . Volleys Fired 11 | . . 11 Largest 1 | . . 1 Hottest 40 | . . 40 Shots Fired 11 | . . 11 Gun 8 | . . 8 Cannon . | . . . Launcher 3 | . . 3 Special . | . . . Kinetic 11 | . . 11 Thermal . | . . . Explosive . | . . . Electromagnetic . | . . . Robot Hit Streak 7 | . . 7 Robot Miss Streak 1 | . . 1 Penetration Max . | . . . Secondary Targets . | . . . Shots Hit Robots 10 | . . 10 Core Hits 4 | . . 4 Critical Kills . | . . . Critical Parts Destroyed . | . . . Critical Strikes . | . . . Melee Attacks . | . . . Impact . | . . . Slashing . | . . . Piercing . | . . . Sneak Attacks . | . . . Combat Hostiles . | . . . Follow-up Attacks . | . . . Damage Inflicted 280 | . . 280 Guns 55 | . . 55 Cannons . | . . . Explosions 225 | . . 225 Melee . | . . . Ramming . | . . . Kinetic 280 | . . 280 Thermal . | . . . Explosive . | . . . Electromagnetic . | . . . Impact . | . . . Slashing . | . . . Piercing . | . . . Highest Corruption . | . . . Average Corruption . | . . . Corruption Purged . | . . . Corruption Blocked . | . . . Overload Shots . | . . . Overflow Damage . | . . . Projectiles . | . . . Explosions . | . . . Melee . | . . . Knockbacks . | . . . Impact . | . . . Kinetic . | . . . Secondary . | . . . Self-Inflicted Damage . | . . . Shots . | . . . Rammed . | . . . Targets Rammed . | . . . Kicked . | . . . Crushed . | . . . Highest Temperature . | . . . Average Temperature . | . . . Received Heat Transfer 99 | . . 99 Siege Activations . | . . . Martial Activations . | . . . Shielding Activations . | . . . Robots Disrupted . | . . . Combat Hostiles . | . . . Robots Corrupted . | . . . Combat Hostiles . | . . . Parts Fried . | . . . Impact Corruptions . | . . . Robots Melted . | . . . Combat Hostiles . | . . . Parts Melted . | . . . Heat Transferred . | . . . Parts Sabotaged . | . . . Parts Stolen . | . . . Parts Stripped . | . . . Power Chain Reactions . | . . . Alert | -11 -10 -10 ------- Run | Yrd Mat Sub Maximum Alert Level . | . . . Low Security (%) 100 | 100 100 . Level 1 . | . . . Level 2 . | . . . Level 3 . | . . . Level 4 . | . . . Level 5 . | . . . High Security . | . . . Max Security . | . . . Peak Influence . | . . . Initial . | . . . Average . | . . . Influence Increases . | . . . Influence Decreases . | . . . Squads Dispatched . | . . . Investigation . | . . . Extermination . | . . . Reinforcement . | . . . Assault . | . . . Garrison . | . . . Intercept . | . . . Searches Triggered . | . . . Construction Impeded . | . . . Haulers Reinforced . | . . . Active Scanning Responses . | . . . Cargo Convoy Interrupts . | . . . Stealth | -11 -10 -10 --------- Run | Yrd Mat Sub Distress Signals . | . . . Communications Jammed . | . . . Distress Signals . | . . . Times Spotted 2 | . . 2 Peak Tracking Total 2 | . . 2 Tactical Retreats . | . . . Traps | -11 -10 -10 ------- Run | Yrd Mat Sub Traps Triggered 2 | . . 2 Indirectly . | . . . Trap Hack Attempts . | . . . Triggered . | . . . Disarmed . | . . . Reprogrammed . | . . . Reused . | . . . Traps Extracted . | . . . Installed . | . . . Triggered . | . . . Machines | -11 -10 -10 ---------- Run | Yrd Mat Sub Machines Disabled . | . . . Max in Single Turn . | . . . Machines Repaired . | . . . Machines Dismantled . | . . . Machines Sabotaged . | . . . Overloaded Fab Kills . | . . . Hacking | -11 -10 -10 --------- Run | Yrd Mat Sub Machines Accessed . | . . . Terminals . | . . . Fabricators . | . . . Repair Stations . | . . . Recycling Units . | . . . Scanalyzers . | . . . Garrison Access . | . . . Total Hacks . | . . . Successful . | . . . Failed . | . . . Catastrophic . | . . . Database Lockouts . | . . . Manual . | . . . Terminals . | . . . Fabricators . | . . . Repair Stations . | . . . Recycling Units . | . . . Scanalyzers . | . . . Garrison Access . | . . . Terminal Hacks . | . . . Fabricator Hacks . | . . . Repair Station Hacks . | . . . Recycling Unit Hacks . | . . . Scanalyzer . | . . . Garrison Access Hacks . | . . . Unauthorized Hacks . | . . . Terminals . | . . . Fabricators . | . . . Repair Stations . | . . . Recycling Units . | . . . Scanalyzers . | . . . Garrison Access . | . . . Data Cores Recovered . | . . . Used . | . . . Hacking Detections . | . . . Full Trace Events . | . . . Feedback Events . | . . . Feedback Blocked . | . . . Robot Schematics Acquired . | . . . Robots Built . | . . . Authchips . | . . . Time . | . . . Total Robot Build Rating . | . . . Part Schematics Acquired . | . . . Parts Built . | . . . Authchips . | . . . Time . | . . . Total Part Build Rating . | . . . Parts Repaired . | . . . Time . | . . . Parts Recycled . | . . . Recycled Matter . | . . . Retrieved Matter . | . . . Retrieved Components . | . . . Parts Scanalyzed . | . . . Part Schematics Acquired . | . . . Parts Damaged . | . . . Bothacking | -11 -10 -10 ------------ Run | Yrd Mat Sub Used RIF Installer . | . . . Robots Hacked . | . . . Non-combat . | . . . Combat . | . . . Robot Hacks Applied . | . . . Relay Couplers Released . | . . . Fabnet Peak Effective % . | . . . Robots Rewired . | . . . Allies Hacked . | . . . Hacks Repelled . | . . . Allies | -11 -10 -10 -------- Run | Yrd Mat Sub Total Allies . | . . . Largest Group . | . . . Highest-Rated Group . | . . . Highest-Rated Ally . | . . . Total Orders . | . . . Ally Attacks . | . . . Total Damage . | . . . Kills . | . . . Allies Corrupted . | . . . Allies Melted . | . . . Intel | -11 -10 -10 ------- Run | Yrd Mat Sub Active Infowar (turns) 20 | . . 20 Optics 20 | . . 20 Robot Analysis Total . | . . . Derelict Logs Recovered . | . . . Drone Launches . | . . . Drone Recoveries . | . . . Exploration | -11 -10 -10 ------------- Run | Yrd Mat Sub Turns Passed 622 | 65 242 315 Spaces Moved 329 | 54 36 239 Core 121 | 10 . 111 Treads . | . . . Legs 208 | 44 36 128 Wheels . | . . . Hover . | . . . Flight . | . . . Fastest Speed 50 | 50 120 50 Average Speed 94 | 107 120 87 Slowest Speed 120 | 120 120 120 Overloaded Moves . | . . . Propulsion Burnouts . | . . . Robots Hopped . | . . . Potential Cave-ins . | . . . Cave-ins Triggered . | . . . Exploration Rate (%) 9 | 3 9 15 Regions Visited 2 Branch Regions 1 Pre-discovered Areas 1 | . . 1 Known Exits Taken . | . . . Unknown Exits Taken 2 | 1 1 . Scrap Searched . | . . . Spaces Dug . | . . . Terrain Destroyed 52 | . . 52 Melee . | . . . Projectile . | . . . AOE 52 | . . 52 Terrain Rammed . | . . . Walls Destroyed . | . . . Machines Disabled . | . . . Actions | -11 -10 -10 --------- Run | Yrd Mat Sub Total 631 | 61 235 335 Wait 279 | . 200 79 Move 327 | 53 35 239 Hop . | . . . Pick Up 6 | 4 . 2 Fast Attach . | . . . Attach 6 | 4 . 2 Detach . | . . . Swap . | . . . Drop 2 | . . 2 Fire 11 | . . 11 Melee . | . . . Ram . | . . . Kick . | . . . Crush . | . . . Escape Stasis . | . . . Rewire . | . . . Trap . | . . . Miscellaneous . | . . . Route ------- -11/Scrapyard -10/Materials -10/Subcaves (discovered 1 exit: [*Mat]) History --------- Turn | Location | Event 3 | -11/Scrapyard | Discovered new exit (range 16) 66 | -11/Scrapyard | Entered Materials 292 | -10/Materials | Discovered new exit (range 8) 308 | -10/Materials | Entered Subcaves 309 | -10/Subcaves | Approached by a straggling Scientist 314 | -10/Subcaves | Build established: Mutant 344 | -10/Subcaves | Learned location of Zion (-7) 344 | -10/Subcaves | Met a Zionite searching for "candidates" 551 | -10/Subcaves | Core integrity fell below 50% 583 | -10/Subcaves | Discovered new exit (range 8) 595 | -10/Subcaves | Core integrity fell below 20% 599 | -10/Subcaves | Shifting Twisted Machinery released Sub. Optics 606 | -10/Subcaves | Shifting Twisted Machinery released Sub. Shrapnel Launcher 623 | -10/Subcaves | Destroyed by L9-CCW(R) with Subdweller Beam Cannon Last Messages --------------- Lgt. Assault Rifle destroyed. Dropped Aluminum Leg. Subatomizers dissect the Aluminum Leg. Dropped Aluminum Leg. TA-JVS(c): "I think it's somewhere south of here" TA-JVS(c) destroyed. EXIT=FOUND Triggered Piercing Trap. Spikes shoot up from the floor. Critical hit (Impale). Triggered Piercing Trap. Spikes shoot up from the floor. Critical hit (Impale). Sub. Optics falls loose from the Twisted Machinery. Acquired Sub. Optics. Sub. Shrapnel Launcher falls loose from the Twisted Machinery. Acquired Sub. Shrapnel Launcher. Map ----- +----------------------------------------------------+ | ?????????????????????????????????????????????????? | | ?????????????????????????????????????????????????? | | ?????????????????????????????????????????????????? | | ?????????????????????????????????????????????????? | | ?????????????????????????????????????????????????? | | ?????????????????????????????????????????????????? | | ?????????????????????????????????????????????????? | | ?????????????????##??????????????????????????????? | | ????????????????# ##?????????????????????????????? | | ???????????????? ?????????????????????????????? | | ???????????????? ??????????????????????????????? | | ???????????????? ??????????????????????????????? | | ???????????????# ??????????????????????????????? | | ???????????????# ??????????????????????????????? | | ?????????????### #??????????????????????????????? | | ?????????????# #??????????????????????????????? | | ????????????## #??????????????????????????????? | | ????????????# #??????????????????????????????? | | ??????????# #??????????????????????????????? | | ???????# #??????????????????????????????? | | ????## ???????????????????????????????? | | ### #??????###??????????????????????? | | " #?????## ##?????????????####????? | | ????????# "" ##???## ###########??## ##???? | | ????????## "" ##??# #??# ##### | | ?????????#""###" #?## @ ^ #??# ## # | | ?????????##"###" ###?# # ;#?## | | ?????????#"" """ ###?## ## ### #### | | ?????????##" "### ## R ##??# | | ??????????#"### # ### < ##???## | | ??????????#" " #??# #?????# | | ??????????#"" "" #??## ; ##?????# | | ?????????# ""# "## # # #????? ;#####?????# | | ?????????# "" "#########??????######?????????# | | ?????????# "" #""#?????????????????????????????## | | ?????????# " #####??????????????????????????????## | | ???????? " ????????????????????????????????????# | | ?????? " ????????????????????????????????????# | | ????? ????????????????????????????????????# | | ???? ????????????????????????????????????# | | ???? ????????????????????????????????????# | | ???? ?????????????????????????????????????## | | ??? ??????????????????????????????????????# | | ??? ? ???????????????????????????????????????# | | ???? ? ???????????????????????????????????????? | | ??????? ???????????????????????????????????????? | | ????????#????????????????????????????????????????? | | ?????????????????????????????????????????????????? | | ?????????????????????????????????????????????????? | | ?????????????????????????????????????????????????? | +----------------------------------------------------+ Best States ------------- Heat Dissipation 25 Energy Generation 10 Energy Capacity 250 Matter Stores 300 Matter Capacity 300 Sight Range 21 Terrain Scan Density 10 Evasion (%) 55 Item Schematics ----------------- None Robot Schematics ------------------ None Fabricated ------------ Nothing Repaired ---------- Nothing Alien Tech Used ----------------- None Achievements -------------- None Challenges ------------ None Game ------ Seed ExpertSniperOptics Manual? 0 Play Time 00:05:17 Cumulative 187.0 hours Start 2025.10.14 @ 20:49:22 End 2025.10.15 @ 17:13:54 Sessions 3 Manual Loads 0 Difficulty Rogue Special Mode None Game No. 559 Rogue 558 Adventurer 1 Explorer 0 Win Type - Total 0 Types 0/0/0/0/0/0/0/0/0/0 Lore% 62 Gallery% 60 Achievement% 47 Wizard Run 0 Options --------- Layout 1 ASCII 0 Keyboard 0 Movement Mouse Keybinds 0 Fullscreen 1 Font 24/Smallcaps Map View 50x35 Zoom Use 0% Tactical HUD 0 Map Filters NONE Filters NONE Steam 1 RUN: ca408327-a4fa-4a22-b621-be5f4c15e214